 Dungeon Crawl Stone Soup version 0.30.1-11-g7821555f0a (webtiles) character file.

Game seed: 14679798793024316711

1706592 ZoaN the Axe Maniac (level 26, 266/266 HPs)
             Began as a Minotaur Fighter on Jan 13, 2024.
             Was a High Priest of Okawaru.
             Escaped with the Orb
             ... and 3 runes on Jan 14, 2024!
             The game lasted 03:23:51 (67067 turns).

ZoaN the Axe Maniac (Minotaur Fighter)             Turns: 67067, Time: 03:23:52

Health: 266/266    AC: 47    Str: 50    XL:     26   Next: 67%
Magic:  34/34      EV: 19    Int: 14    God:    Okawaru [*****.]
Gold:   5872       SH: 40    Dex: 21    Spells: 25/25 levels left

rFire   + . .        C - +8 mithril axe "Arga" {speed, Will+}
rCold   + + +        T - +8 tower shield {AC+3}
rNeg    . . .        a - +10 gold dragon scales "Lusidy" {+Inv rPois rF+ rC+ Regen+ Dex+4}
rPois   +            (helmet unavailable)
rElec   +            W - +0 cloak "Gorach" {Str+8}
rCorr   +            K - +0 pair of gloves "Olitt" {Rampage rC+ rCorr Dex+2}
SInv    .            O - +1 pair of boots {Fly}
Will    +++..        G - amulet "Ykaudoc" {Reflect Str+4 Dex+6 SH+5} Stlth
                     B - ring "Ywosaw" {rC+ Will+ Int+3 Slay+4}
HPRegen 1.44/turn    p - ring "Gudeboma" {+Blink rElec Str+4 Int+6}
MPRegen 0.24/turn

%: reflection, rampage
@: flying
A: horns 3, retaliatory headbutt, poison resistance
0: Orb of Zot
}: 3/15 runes: decaying, serpentine, silver
a: Renounce Religion, Evoke Blink, Evoke Invisibility, Heroism, Finesse, Duel


You escaped.
You worshipped Okawaru.
Okawaru was extremely pleased with you.
You visited 12 branches of the dungeon, and saw 52 of its levels.
You also visited: Ice Cave and Wizlab.

You collected 8038 gold pieces.
You spent 2166 gold pieces at shops.

Inventory:

Hand Weapons
 C - the +8 mithril axe "Arga" (weapon) {speed, Will+}
   (You acquired it on level 1 of the Lair of Beasts)

   Will:      It increases your willpower.
 H - a +4 scimitar of flaming
Missiles
 y - 2 silver boomerangs (quivered)
Armour
 a - the +10 gold dragon scales "Lusidy" (worn) {+Inv rPois rF+ rC+ Regen+ Dex+4}
   (Okawaru gifted it to you on level 3 of the Realm of Zot)

   Dex:       It affects your dexterity (+4).
   rF:        It protects you from fire.
   rC:        It protects you from cold.
   rPois:     It protects you from poison.
   +Inv:      It lets you turn invisible.
   Regen:     It increases your rate of health regeneration.
 c - the +1 hat of Sorcery {rF++ rC+ Int-3 SInv}
   (Okawaru gifted it to you on level 14 of the Dungeon)

   Int:       It affects your intelligence (-3).
   rF:        It greatly protects you from fire.
   rC:        It protects you from cold.
   SInv:      It lets you see invisible.
 K - the +0 pair of gloves "Olitt" (worn) {Rampage rC+ rCorr Dex+2}
   (Okawaru gifted it to you on level 1 of the Depths)

   Dex:       It affects your dexterity (+2).
   rC:        It protects you from cold.
   rCorr:     It protects you from acid and corrosion.
   Rampage:   It bestows one free step when moving towards enemies.
 O - a +1 pair of boots of flying (worn)
 T - a +8 tower shield of protection (worn)
 W - the +0 cloak "Gorach" (worn) {Str+8}
   (Okawaru gifted it to you in an ice cave)

   Str:       It affects your strength (+8).
Jewellery
 p - the ring "Gudeboma" (right hand) {+Blink rElec Str+4 Int+6}
   (You found it on level 3 of the Crypt)

   [ring of intelligence]

   Str:       It affects your strength (+4).
   Int:       It affects your intelligence (+6).
   rElec:     It insulates you from electricity.
   +Blink:    It lets you blink.
 B - the ring "Ywosaw" (left hand) {rC+ Will+ Int+3 Slay+4}
   (You took it off a yaktaur on level 5 of the Vaults)

   [ring of slaying]

   Int:       It affects your intelligence (+3).
   Slay:      It affects your accuracy & damage with ranged weapons and melee
   (+4).
   rC:        It protects you from cold.
   Will:      It increases your willpower.
 G - the amulet "Ykaudoc" (around neck) {Reflect Str+4 Dex+6 SH+5}
   (You found it on level 9 of the Dungeon)

   [amulet of reflection]

   It reflects blocked missile attacks.
   Str:       It affects your strength (+4).
   Dex:       It affects your dexterity (+6).
   SH:        It affects your SH (+5).
Wands
 q - a wand of polymorph (3)
 D - a wand of iceblast (36)
 E - a wand of flame (67)
 J - a wand of digging (21)
Scrolls
 b - a scroll of amnesia
 e - 8 scrolls of enchant weapon
 g - 20 scrolls of teleportation
 j - 12 scrolls of immolation
 k - 10 scrolls of magic mapping
 r - 9 scrolls of fog
 x - 10 scrolls of poison
 M - 3 scrolls of silence
 U - 13 scrolls of fear
 Y - a scroll of blinking
 Z - 3 scrolls of brand weapon
Potions
 d - 6 potions of berserk rage
 f - 16 potions of curing
 h - 9 potions of brilliance
 i - 7 potions of resistance
 l - 8 potions of lignification
 n - 2 potions of magic
 o - 5 potions of ambrosia
 s - 11 potions of mutation
 t - 12 potions of invisibility
 w - 3 potions of cancellation
 z - 8 potions of haste
 A - 14 potions of flight
 F - 11 potions of heal wounds
 I - 9 potions of might
Miscellaneous
 N - a phantom mirror


   Skills:
 O Level 27 Fighting
 O Level 27 Axes
 O Level 27 Armour
 + Level 13.9 Dodging
 O Level 27 Shields
 - Level 16.0 Invocations


You had 25 spell levels left.
You didn't know any spells.
Your spell library contained the following spells:

 Spells                   Type           Power      Damage    Failure   Level
 Apportation              Tloc           0%         N/A       63%         1
 Foxfire                  Conj/Fire      0%         2x1d4     63%         1
 Magic Dart               Conj           0%         1d3       63%         1
 Necrotise                Necr           0%         1d4       63%         1
 Shock                    Conj/Air       0%         1d3       63%         1
 Sting                    Tmut/Pois      0%         1d3       63%         1
 Cigotuvi's Dreadful Rot  Necr/Pois/Air  0%         N/A       77%         2
 Ensorcelled Hibernation  Hex/Ice        0%         N/A       77%         2
 Lesser Beckoning         Tloc           0%         N/A       77%         2
 Passwall                 Tmut/Erth      0%         N/A       77%         2
 Poisonous Vapours        Pois/Air       0%         N/A       77%         2
 Searing Ray              Conj           0%         2d4       77%         2
 Static Discharge         Conj/Air       0%         2-2/arc   77%         2
 Sublimation of Blood     Necr           0%         N/A       77%         2
 Dazzling Flash           Conj/Hex       0%         N/A       94%         3
 Gell's Gravitas          Tloc           0%         N/A       94%         3
 Ignite Poison            Fire/Tmut/Pois 0%         N/A       94%         3
 Mephitic Cloud           Conj/Pois/Air  0%         N/A       94%         3
 Ozocubu's Armour         Ice            0%         N/A       94%         3
 Portal Projectile        Hex/Tloc       0%         N/A       94%         3
 Spider Form              Tmut/Pois      0%         N/A       94%         3
 Stone Arrow              Conj/Erth      0%         3d7       94%         3
 Swiftness                Air            0%         N/A       94%         3
 Teleport Other           Tloc           0%         N/A       94%         3
 Vhi's Electric Charge    Tloc/Air       0%         N/A       94%         3
 Volatile Blastmotes      Fire/Tloc      0%         2d10      94%         3
 Airstrike                Air            0%         2d(0-16)  100%        4
 Anguish                  Hex/Necr       0%         N/A       100%        4
 Cause Fear               Hex            0%         N/A       100%        4
 Dispel Undead            Necr           0%         3d6       100%        4
 Fulminant Prism          Conj/Hex       0%         3d5       100%        4
 Ice Form                 Ice/Tmut       0%         N/A       100%        4
 Iskenderun's Mystic Bla  Conj/Tloc      0%         2d3       100%        4
 Leda's Liquefaction      Hex/Erth       0%         N/A       100%        4
 Passage of Golubria      Tloc           0%         N/A       100%        4
 Arcjolt                  Conj/Air       0%         1d10      100%        5
 Blade Hands              Tmut           0%         N/A       100%        5
 Fireball                 Conj/Fire      0%         3d3       100%        5
 Freezing Cloud           Conj/Ice/Air   0%         6-21      100%        5
 Irradiate                Conj/Tmut      0%         3d11      100%        5
 Iskenderun's Battlesphe  Conj           0%         2d6       100%        5
 Metabolic Englaciation   Hex/Ice        0%         N/A       100%        5
 Silence                  Hex/Air        0%         N/A       100%        5
 Yara's Violent Unravell  Hex/Tmut       0%         3d3       100%        5
 Conjure Ball Lightning   Conj/Air       0%         3x3d6     100%        6
 Eringya's Noxious Bog    Tmut/Pois      0%         N/A       100%        6
 Iron Shot                Conj/Erth      0%         9d1       100%        6
 Plasma Beam              Fire/Air       0%         2x1d11    100%        6
 Starburst                Conj/Fire      0%         6d3       100%        6
 Dragon Form              Tmut           0%         N/A       100%        7
 Enfeeble                 Hex            0%         N/A       100%        7
 Ozocubu's Refrigeration  Ice            0%         4d7       100%        7
 Storm Form               Tmut/Air       0%         N/A       100%        7
 Borgnjor's Revivificati  Necr           0%         N/A       100%        8
 Discord                  Hex            0%         N/A       100%        8
 Disjunction              Tloc           0%         N/A       100%        8
 Lehudib's Crystal Spear  Conj/Erth      0%         10d2      100%        8
 Maxwell's Capacitive Co  Air            0%         ∞         100%        8
 Necromutation            Tmut/Necr      0%         N/A       100%        8
 Death's Door             Necr           0%         N/A       100%        9
 Polar Vortex             Ice            0%         N/A       100%        9
 Summon Small Mammal      Summ           Unusable   N/A       N/A         1
 Call Imp                 Summ           Unusable   N/A       N/A         2
 Call Canine Familiar     Summ           Unusable   N/A       N/A         3
 Tukima's Dance           Hex            Unusable   N/A       N/A         3
 Animate Armour           Summ/Erth      Unusable   N/A       N/A         4
 Animate Dead             Necr           Unusable   N/A       N/A         4
 Summon Lightning Spire   Summ/Air       Unusable   N/A       N/A         4
 Summon Mana Viper        Hex/Summ       Unusable   N/A       N/A         5
 Death Channel            Necr           Unusable   N/A       N/A         6
 Simulacrum               Ice/Necr       Unusable   N/A       N/A         6
 Spellforged Servitor     Conj/Summ      Unusable   N/A       N/A         7

Dungeon Overview and Level Annotations

Branches:
Dungeon (15/15)            Temple (1/1) D:6            Lair (5/5) D:8
  Swamp (4/4) Lair:3        Snake (4/4) Lair:3        Slime (1/5) Lair:4
    Orc (2/2) D:12            Elf (3/3) Orc:2        Vaults (5/5) D:13
  Crypt (3/3) Vaults:2       Tomb (0/3) Crypt:3      Depths (4/4) D:15
    Zot (5/5) Depths:4      IceCv (visited)          WizLab (visited)

Altars:
Ashenzari
Cheibriados
Dithmenos
Elyvilon
Fedhas
Gozag
Hepliaklqana
Kikubaaqudgha
Makhleb
Nemelex Xobeh
Okawaru
Qazlal
Ru
Sif Muna
Trog
Uskayaw
Vehumet
Wu Jian
Xom
Yredelemnul
Zin
The Shining One
Lugonu

Shops:
D:2 (   D:6 *   D:12 (   Orc:2 ?(([(   Elf:1 *:?   Snake:2 ==:   Snake:4 [

Portals:
Hell: Depths:1 Depths:2 Depths:3 Depths:4
Abyss: Depths:3
Pandemonium: Depths:2
Ziggurat: Depths:4
Trove: Depths:2 (give 13 potions of heal wounds)

Annotations:
Zot:3 2 transporters


Innate Abilities, Weirdness & Mutations

You have a pair of large horns on your head.
You reflexively headbutt those who attack you in melee.
Your system is resistant to poisons. (rPois)


Message History

You fly upwards.
There is a stone staircase leading down here.
There is a stone staircase leading up here.
You fly upwards.
There is a stone staircase leading down here.
You see here a +0 giant club.
There is a stone staircase leading up here.
You fly upwards.
There is a stone staircase leading down here.
An Orb Guardian comes into view.
You can't go up here!
The Orb Guardian moves out of view.
There is a stone staircase leading up here.
You fly upwards.
There is a stone staircase leading down here.
You see here a +4 spear.
There is a stone staircase leading up here.
You fly upwards.
There is a stone staircase leading down here.
An Orb Guardian comes into view.
The Orb Guardian attacks as you move away!
The Orb Guardian hits you but does no damage.
The Orb Guardian attacks as you move away!
You block the Orb Guardian's attack. x2
The Orb Guardian misses you. You block the Orb Guardian's attack.
The Orb Guardian attacks as you move away!
You block the Orb Guardian's attack. You block the Orb Guardian's attack.
The Orb Guardian attacks as you move away!
The Orb Guardian hits you but does no damage.
The Orb Guardian attacks as you move away!
You block the Orb Guardian's attack. You block the Orb Guardian's attack.
There is a staircase leading out of the dungeon here.
You cut the Orb Guardian into ribbons!!!
You headbutt the Orb Guardian!!
You kill the Orb Guardian!
Okawaru accepts your kill.
You have escaped!

#.....######....##############..
#.....##.....##.# #.#
#.....##.######.##### #.#
#...†.##.#~~~~♣~♣~~~# #.#
######.##.#~......P.~##########.#
.# #....#~.....PPP~#........[.#
.### ####.#~......P.~#.##########
...# #...#♣♣.......♣#...#
##.######.......@...~..#.########
##......#.#♣♣.......♣#...........
#######.#.#~..P...♣.~#.#)........
......#.#.#~.PPP.♣♣♣~#.#.........
###.......#~..P...♣.~#.##########
#.....#.#~~~~♣~♣~~~#.#
########..######.#####.#
....................##.#
#######..######.###.#..#


There were no monsters in sight!

Vanquished Creatures
  4 dread liches
  5 orbs of fire
  Khufu (Crypt:3)
  4 ancient liches
  A juggernaut (Depths:1)
  2 royal mummies (Arena)
  Josephina (Arena)
  A pandemonium lord (Depths:4)
  5 Killer Klowns
  Vashnia (Snake:2)
  Vv (Zot:1)
  Saint Roka (Arena)
  Bai Suzhen (Arena)
  2 curse toes
  11 golden dragons
  2 electric golems (Zot:5)
  26 tentacled monstrosities
  A walking crystal tome (D:15)
  Rupert (Orc:2)
  Asterion (Depths:2)
  4 liches
  2 walking frostbound tomes
  2 deep elf blademasters (Elf:3)
  4 quicksilver dragons
  A walking divine tome (Zot:2)
  28 Orb Guardians
  6 ancient champions
  3 deep elf master archers (Elf:3)
  Frances (Snake:1)
  6 death cobs
  2 titans
  13 sphinxes
  An Executioner (Zot:3)
  Agnes (Snake:1)
  A thorn hunter (Swamp:2)
  13 shadow dragons
  11 storm dragons
  5 tengu reavers
  A storm dragon (shapeshifter) (Arena)
  4 nagarajas
  A draconian monk (Zot:2)
  A rockslime (Zot:5)
  4 narguns (Zot:2)
  10 draconian knights
  2 revenants (Crypt:1)
  7 fire giants
  2 iron dragons
  9 deep elf sorcerers (Elf:3)
  8 draconian scorchers
  13 frost giants
  2 draconian stormcallers (Arena)
  21 vault wardens
  4 orc warlords
  3 ghost moths
  A balrug (Depths:1)
  3 draconian shifters
  10 deep elf elementalists (Elf:3)
  4 curse skulls
  34 very ugly things
  5 war gargoyles
  17 ironbound preservers
  A reaper (Depths:1)
  10 ghouls
  2 angels (Depths:4)
  6 draconian annihilators
  A spriggan defender (Depths:1)
  14 stone giants
  8 green draconians
  4 ironbound thunderhulks
  10 dire elephants
  7 vampire knights
  Azrael (D:13)
  5 deep elf demonologists
  5 purple draconians
  8 white draconians
  5 eleionomae
  9 deep elf annihilators
  13 red draconians
  A lorocyproca (D:11)
  10 black draconians
  11 yellow draconians
  6 bunyips
  A spark wasp (shapeshifter) (Vaults:5)
  12 spark wasps
  The ghost of VoidStrider the Severer, a journeyman HOFi of Beogh (Snake:1)
  3 eidola
  4 deep elf death magi
  A crystal guardian (Vaults:3)
  An ettin (shapeshifter) (Depths:1)
  Snorg (Orc:1)
  11 ettins
  The ghost of Weugil the Slicer, a journeyman HaBe of Trog (Lair:2)
  11 deep elf high priests
  12 jiangshi
  3 shambling mangroves
  8 fire dragons
  37 vault guards
  An entropy weaver (Vaults:1)
  4 great orbs of eyes
  14 yaktaur captains
  A merfolk javelineer (Depths:3)
  3 ice dragons
  A rakshasa (Depths:1)
  Harold (Lair:1)
  2 hell beasts
  A salamander tyrant (Snake:4)
  An ogre mage (Vaults:5)
  2 spriggan skeletons (Crypt:1)
  A quicksilver dragon skeleton (Crypt:1)
  21 hydras
  3 spriggan air magi
  11 anacondas
  A ghost crab (Swamp:3)
  A catoblepas (Lair:5)
  An Orb Guardian zombie (Crypt:3)
  A juggernaut simulacrum (Crypt:1)
  3 peacekeepers
  11 centaur warriors
  7 two-headed ogres
  11 naga warriors
  9 ironbound frosthearts
  Erica (D:9)
  2 death knights (Vaults:2)
  10 death yaks
  29 dancing weapons
  3 boulder beetles
  7 alligators
  7 deep troll earth magi
  2 thrashing horrors (Depths:2)
  An Orb Guardian skeleton (Crypt:1)
  An azure jelly zombie (Crypt:3)
  12 tengu warriors
  10 vampire magi
  2 deep troll shamans
  3 spriggan berserkers
  12 naga sharpshooters
  3 soul eaters
  Nergalle (Lair:1)
  7 hell knights
  A titan zombie (Crypt:1)
  2 orc high priests (Orc:2)
  Sonja (Lair:1)
  Urug (Lair:3)
  2 sun demons
  9 shock serpents
  A skyshark (shapeshifter) (Vaults:5)
  20 deep elf knights
  Amaemon (D:9)
  4 salamander mystics
  A skyshark (Lair:5)
  A titan skeleton (Crypt:1)
  A wretched star (Depths:2)
  A fire crab (shapeshifter) (Elf:2)
  A fire crab (Lair:5)
  A death drake (shapeshifter) (D:15)
  2 shadow wraiths
  30 skeletal warriors
  5 flayed ghosts
  A death drake (Swamp:1)
  4 iron trolls
  8 swamp dragons
  A quicksilver dragon simulacrum (Depths:1)
  9 bog bodies
  4 glowing orange brains
  6 spriggan druids
  A harpy (shapeshifter) (Elf:1)
  9 deep elf archers
  20 lindwurms
  6 wizards
  5 naga ritualists
  4 phantasmal warriors
  Pikel (D:7)
  57 deep trolls
  5 harpies (Vaults:4)
  18 ironbound convokers
  12 orc knights
  29 deep elf pyromancers
  5 necromancers
  21 deep elf zephyrmancers
  An iron dragon zombie (Crypt:1)
  4 orc sorcerers
  An anaconda skeleton (Crypt:3)
  28 moths of wrath
  8 mana vipers
  A stone giant zombie (Crypt:2)
  A worldbinder (Depths:2)
  8 salamanders
  4 manticores
  41 ugly things
  8 cyclopes
  An iron dragon skeleton (Crypt:1)
  4 will-o-the-wisps
  31 black mambas
  14 naga magi
  An ice statue (IceCv)
  Joseph (D:9)
  24 vault sentinels
  An apocalypse crab (Depths:2)
  A gargoyle (D:12)
  An eye of devastation (Lair:4)
  A dire elephant zombie (Crypt:1)
  An orange demon (D:9)
  15 cane toads
  A storm dragon simulacrum (Zot:1)
  A torpor snail (Lair:5)
  50 yaktaurs
  A hellion (Zot:1)
  2 rime drakes
  Maggie (D:7)
  15 ice devils
  3 unseen horrors
  4 tengu conjurers
  7 komodo dragons
  A death yak zombie (Crypt:2)
  2 kobold demonologists
  A death yak skeleton (Crypt:1)
  10 guardian mummies
  2 red devils
  A ghost moth simulacrum (Zot:1)
  An anaconda simulacrum (IceCv)
  5 freezing wraiths (IceCv)
  3 meliai (D:15)
  A merfolk (D:14)
  4 trolls
  22 hornets
  5 polar bears
  7 tyrant leeches
  A great orb of eyes zombie (Crypt:2)
  27 blink frogs
  A fire dragon zombie (Crypt:1)
  9 dream sheep
  6 large abominations
  A satyr zombie (Crypt:3)
  An ettin skeleton (Crypt:2)
  24 spriggans
  A jumping spider (shapeshifter) (Depths:2)
  19 slime creatures
  A centaur simulacrum (D:12)
  A slime creature (shapeshifter) (Depths:2)
  9 air elementals
  An ice dragon skeleton (Crypt:1)
  A dire elephant simulacrum (IceCv)
  4 water elementals
  An alligator skeleton (Crypt:1)
  38 yaks
  A shadow (D:11)
  A flying skull (Crypt:3)
  12 wraiths
  4 vampires (WizLab)
  4 basilisks
  8 wyverns
  2 steam dragons (D:10)
  5 fire elementals
  2 redbacks (Vaults:1)
  11 vampire mosquitoes
  2 chaos spawn (Depths:3)
  4 death yak simulacra (IceCv)
  A wind drake skeleton (Crypt:1)
  A warg (Orc:1)
  A harpy simulacrum (IceCv)
  A purple draconian simulacrum (Zot:1)
  A green draconian simulacrum (Zot:1)
  39 nagas
  13 swamp worms
  Edmund (D:5)
  16 water moccasins
  2 two-headed ogre zombies (WizLab)
  A hydra simulacrum (IceCv)
  A water nymph skeleton (Crypt:2)
  8 swamp drakes
  4 floating eyes
  43 orc warriors
  8 small abominations (Depths:3)
  3 ice beasts
  6 black bears
  A moth of wrath simulacrum (Zot:1)
  7 ogres
  8 boggarts
  23 wolves
  2 lemures (D:7)
  11 centaurs
  2 phantoms
  A yaktaur zombie (Crypt:2)
  A hog skeleton (Crypt:3)
  4 kobold brigands
  A fire crab zombie (Crypt:3)
  A komodo dragon zombie (Crypt:3)
  5 necrophages
  A yaktaur skeleton (Crypt:2)
  2 gnoll sergeants
  5 earth elementals
  12 bullfrogs
  3 scorpions
  A draconian skeleton (Crypt:1)
  A wyvern skeleton (Crypt:2)
  7 cane toad simulacra (IceCv)
  A warg zombie (Crypt:3)
  9 wights (WizLab)
  A cyclops skeleton (Crypt:3)
  3 killer bees (D:10)
  3 elephant simulacra (IceCv)
  6 troll zombies (WizLab)
  A howler monkey (D:10)
  An electric eel (D:12)
  A centaur zombie (Crypt:2)
  2 lava snakes (Lair:3)
  Crazy Yiuf (D:4)
  2 gnoll boudas
  4 human zombies (Crypt:1)
  22 orc priests
  4 hounds
  2 jellies
  3 human skeletons (Crypt:1)
  4 iguanas
  2 sleepcaps
  26 orc wizards
  2 spriggan simulacra (IceCv)
  6 hell rats (Lair:3)
  3 wolf simulacra (IceCv)
  3 polar bear simulacra (IceCv)
  4 ogre zombies (WizLab)
  4 mummies
  19 gnolls
  9 adders
  A naga simulacrum (IceCv)
  A shadow imp (D:6)
  3 white imps
  3 ufetubi
  2 worms
  2 dart slugs
  97 orcs
  8 ball pythons
  A bat skeleton (Crypt:3)
  10 endoplasms
  4 giant cockroaches
  A goblin (D:2)
  9 hobgoblins
  7 jackals
  7 quokkas
  8 bats
  7 frilled lizards
  A giant cockroach zombie (Crypt:1)
  17 kobolds
  A kobold zombie (Crypt:2)
  An orc zombie (Crypt:2)
  6 rats
  A butterfly (Lair:2)
2270 creatures vanquished.

Vanquished Creatures (others)
  An ancient lich (Crypt:3)
  A fire giant (Depths:1)
  6 bloated husks
  A bullfrog (shapeshifter) (Depths:2)
  2 orcs (D:10)
  A kobold (D:9)
  30 foxfires
42 creatures vanquished.

Grand Total: 2312 creatures vanquished

Notes
Turn   | Place    | Note
-------+----------+-------------------------------------------
     0 | D:1      | ZoaN the Minotaur Fighter began the quest for the Orb.
     0 | D:1      | Reached XP level 1. HP: 19/19 MP: 0/0
   180 | D:1      | Reached XP level 2. HP: 26/27 MP: 1/1
   364 | D:1      | Reached XP level 3. HP: 34/34 MP: 2/2
   716 | D:2      | Reached skill level 5 in Fighting
   962 | D:2      | Reached XP level 4. HP: 27/44 MP: 3/3
  1470 | D:2      | Found Oskuefi's Weapon Shop.
  1484 | D:2      | Reached XP level 5. HP: 51/51 MP: 4/4
  2466 | D:4      | Noticed an ogre
  2474 | D:4      | Killed an ogre
  2475 | D:4      | Reached XP level 6. HP: 61/61 MP: 5/5
  2509 | D:4      | Found a basalt altar of Yredelemnul.
  3055 | D:4      | Found a runed translucent door.
  3056 | D:4      | Noticed Crazy Yiuf
  3072 | D:4      | Killed Crazy Yiuf
  3240 | D:5      | Entered Level 5 of the Dungeon
  3311 | D:5      | Found a snail-covered altar of Cheibriados.
  3348 | D:5      | Reached XP level 7. HP: 70/70 MP: 6/6
  3383 | D:5      | Found a sacrificial altar of Ru.
  3677 | D:5      | Noticed Edmund
  3685 | D:5      | Killed Edmund
  3686 | D:5      | Reached skill level 10 in Fighting
  4259 | D:6      | Found a hide-covered altar of Uskayaw.
  4271 | D:6      | Reached XP level 8. HP: 70/82 MP: 7/7
  4590 | D:6      | Found a staircase to the Ecumenical Temple.
  4655 | Temple   | Entered the Ecumenical Temple
  4664 | Temple   | Became a worshipper of Warmaster Okawaru
  5068 | D:6      | Found Jolisom's General Store.
  5072 | D:6      | Bought a +2 plate armour of willpower for 400 gold pieces
  5140 | D:6      | Reached * piety under Okawaru
  5141 | D:6      | Reached skill level 5 in Axes
  5296 | D:7      | Noticed Maggie
  5306 | D:7      | Killed Maggie
  5427 | D:7      | Noticed Pikel
  5439 | D:7      | Killed Pikel
  5439 | D:7      | Reached ** piety under Okawaru
  5440 | D:7      | Reached XP level 9. HP: 85/90 MP: 5/8
  5607 | D:7      | Reached skill level 10 in Axes
  5637 | D:7      | Found a shadowy altar of Dithmenos.
  5673 | D:7      | Reached *** piety under Okawaru
  6230 | D:8      | Found a broken altar of Ashenzari.
  6272 | D:8      | Found a radiant altar of Vehumet.
  6312 | D:8      | Found a staircase to the Lair.
  6327 | D:8      | Reached **** piety under Okawaru
  6361 | D:8      | Reached XP level 10. HP: 97/97 MP: 9/9
  6522 | D:8      | Found a sparkling altar of Nemelex Xobeh.
  7085 | D:9      | Identified the amulet "Ykaudoc" {Reflect Str+4 Dex+6 SH+5}
  7110 | D:9      | Noticed an orange demon
  7110 | D:9      | Noticed Amaemon
  7133 | D:9      | Killed Amaemon
  7136 | D:9      | Killed an orange demon
  7137 | D:9      | Reached skill level 15 in Axes
  7210 | D:9      | Reached ***** piety under Okawaru
  7265 | D:9      | Noticed Joseph
  7275 | D:9      | Killed Joseph
  7337 | D:9      | Noticed Erica
  7344 | D:9      | Killed Erica
  7344 | D:9      | Received a gift from Okawaru
  7621 | D:9      | Reached XP level 11. HP: 104/104 MP: 10/10
  7828 | D:9      | Noticed a two-headed ogre
  7833 | D:9      | Killed a two-headed ogre
  8012 | D:10     | Entered Level 10 of the Dungeon
  8314 | D:10     | Reached skill level 1 in Invocations
  8383 | D:10     | Noticed a two-headed ogre
  8386 | D:10     | Reached skill level 5 in Armour
  8386 | D:10     | Reached skill level 5 in Shields
  8389 | D:10     | Killed a two-headed ogre
  8910 | D:10     | Found a stormy altar of Qazlal.
  8915 | D:10     | Found a glowing silver altar of Zin.
  8988 | Lair:1   | Entered Level 1 of the Lair of Beasts
  9044 | Lair:1   | Received a gift from Okawaru
  9187 | Lair:1   | Noticed Sonja
  9190 | Lair:1   | Killed Sonja
  9269 | Lair:1   | Noticed Nergalle
  9293 | Lair:1   | HP: 3/96 [spectral orc knight/+0 long sword[Nergalle] (3)]
  9294 | Lair:1   | Killed Nergalle
  9854 | Lair:1   | Identified the +0 robe of the Sturgeon {Harm} (Okawaru
                  | gifted it to you on level 1 of the Lair of Beasts)
  9854 | Lair:1   | Received a gift from Okawaru
  9914 | Lair:1   | Noticed Harold
  9925 | Lair:1   | Killed Harold
  9926 | Lair:1   | Reached XP level 12. HP: 91/115 MP: 13/13
 10585 | Lair:1   | Identified a scroll of acquirement
 10585 | Lair:1   | Acquired the +8 mithril axe "Arga" {speed, Will+}
 10585 | Lair:1   | Found the +8 mithril axe "Arga" {speed, Will+}
 10653 | Lair:2   | Found a runed translucent door.
 10653 | Lair:2   | Noticed Weugil's ghost (journeyman HaBe)
 10699 | Lair:2   | Reached ****** piety under Okawaru
 11068 | Lair:2   | Reached skill level 5 in Invocations
 11791 | Lair:3   | Received a gift from Okawaru
 12059 | Lair:3   | Identified the +5 ring mail of the Seven Knives {rC+ rCorr
                  | Slay+3}
 12146 | Lair:3   | Noticed an eight-headed hydra
 12153 | Lair:3   | Killed a six-headed hydra
 12154 | Lair:3   | Noticed a four-headed hydra
 12164 | Lair:3   | Killed a one-headed hydra
 12165 | Lair:3   | Reached XP level 13. HP: 82/125 MP: 16/16
 12456 | Lair:3   | Found a staircase to the Swamp.
 12521 | Lair:3   | Found a staircase to the Snake Pit.
 12522 | Lair:3   | Noticed Urug
 12530 | Lair:3   | Killed Urug
 12533 | Lair:3   | Received a gift from Okawaru
 12895 | Lair:3   | Identified the +6 dagger of Narrow Judgement {heavy, rCorr
                  | Int+5}
 13197 | Lair:4   | Paralysed by a floating eye for 2 turns
 13201 | Lair:4   | Found a staircase to the Slime Pits.
 13940 | Lair:4   | Reached skill level 15 in Fighting
 13973 | Lair:4   | Reached skill level 10 in Armour
 13976 | Lair:4   | Identified the +2 quarterstaff of the Penguin {freeze,
                  | rCorr} (Okawaru gifted it to you on level 4 of the Lair of
                  | Beasts)
 13976 | Lair:4   | Received a gift from Okawaru
 13977 | Lair:4   | Reached skill level 10 in Shields
 14451 | Slime:1  | Entered Level 1 of the Pits of Slime
 14451 | Slime:1  | Noticed a rockslime
 14451 | Slime:1  | Noticed an acid blob
 14472 | Lair:5   | Entered Level 5 of the Lair of Beasts
 15269 | Lair:5   | Reached XP level 14. HP: 60/135 MP: 17/19
 15611 | Lair:5   | Received a gift from Okawaru
 16071 | Lair:5   | Found the +4 robe of Folly {Brill Will-∞ Int+8}
 16506 | D:11     | Got the Tome of the Crevasse and Interference
 17543 | D:12     | Found a staircase to the Orcish Mines.
 17543 | D:12     | Found Hocoudak's Weapon Shoppe.
 17794 | D:12     | Found a frozen archway.
 17823 | IceCv    | Entered an ice cave
 18024 | IceCv    | Found an ancient bone altar of Kikubaaqudgha.
 18030 | IceCv    | Identified the +0 cloak "Gorach" {Str+8} (Okawaru gifted it
                  | to you in an ice cave)
 18030 | IceCv    | Received a gift from Okawaru
 18251 | IceCv    | Got Dem Ikis's Spellbook of Refrigeration
 18439 | IceCv    | Identified the ring "Iblihyrph" {rN+ Stlth+}
 19402 | D:13     | Noticed Azrael
 19407 | D:13     | Killed Azrael
 19713 | D:13     | Reached XP level 15. HP: 135/145 MP: 21/21
 19965 | D:13     | Found a gate to the Vaults.
 20769 | D:13     | Identified the +0 helmet "Viuzul" {Will+ MP+9}
 20810 | D:14     | Identified the +1 hat of Sorcery {rF++ rC+ Int-3 SInv}
                  | (Okawaru gifted it to you on level 14 of the Dungeon)
 20810 | D:14     | Received a gift from Okawaru
 20814 | D:14     | Reached skill level 10 in Invocations
 21548 | D:15     | Entered Level 15 of the Dungeon
 21596 | D:15     | Found a staircase to the Depths.
 22328 | D:15     | Received a gift from Okawaru
 22588 | D:15     | Noticed a storm dragon
 22591 | Arena    | Entered the Arena
 22597 | Arena    | Killed a storm dragon
 23174 | Snake:1  | Entered Level 1 of the Snake Pit
 23174 | Snake:1  | Found a runed translucent gate.
 23174 | Snake:1  | Found a runed translucent gate.
 23174 | Snake:1  | Found a runed translucent gate.
 23412 | Snake:1  | Reached XP level 16. HP: 134/156 MP: 22/22
 23571 | Arena    | Entered the Arena
 23610 | Snake:1  | Received a gift from Okawaru
 23849 | Snake:1  | Noticed Frances
 23863 | Snake:1  | Killed Frances
 23999 | Snake:1  | Noticed Agnes
 24010 | Snake:1  | Killed Agnes
 24598 | Snake:1  | Noticed VoidStrider's ghost (journeyman HOFi)
 24775 | Snake:1  | Killed VoidStrider's ghost
 24884 | Snake:2  | Noticed Vashnia
 26438 | Snake:2  | Killed Vashnia
 26715 | Snake:2  | Found Loojisaelu's Book Shop.
 26716 | Snake:2  | Found Ecwouzil's Jewellery Shoppe.
 26716 | Snake:2  | Found Nudweruon's Jewellery Shoppe.
 26728 | Snake:2  | Bought the ring "Romegadd" {rElec rC+ EV+5 Int+3} for 1139
                  | gold pieces
 26728 | Snake:2  | Bought a ring of poison resistance for 360 gold pieces
 27451 | Snake:3  | Identified the +6 quarterstaff of Exhibitionism {freeze,
                  | rN+} (Okawaru gifted it to you on level 3 of the Snake Pit)
 27451 | Snake:3  | Received a gift from Okawaru
 27513 | Snake:3  | Reached skill level 15 in Armour
 27557 | Snake:3  | Reached skill level 15 in Shields
 28780 | Swamp:1  | Entered Level 1 of the Swamp
 29261 | Swamp:1  | Identified the +2 kite shield "Soac" {rPois Will+} (Okawaru
                  | gifted it to you on level 1 of the Swamp)
 29261 | Swamp:1  | Received a gift from Okawaru
 29315 | Swamp:1  | Identified the +8 dagger of the Pits of Slime {distort,
                  | Dex+6}
 29490 | Swamp:1  | You fall into a shaft and drop 1 floor!
 29834 | Swamp:2  | Reached XP level 17. HP: 161/166 MP: 23/23
 29983 | Swamp:2  | Found an ornate altar of the Wu Jian Council.
 31093 | Swamp:4  | Entered Level 4 of the Swamp
 31812 | Swamp:4  | Received a gift from Okawaru
 32366 | Swamp:4  | Got a decaying rune of Zot
 33029 | Lair:2   | Killed Weugil's ghost
 33145 | Snake:4  | Entered Level 4 of the Snake Pit
 33460 | Snake:4  | Received a gift from Okawaru
 33590 | Snake:4  | Noticed Saint Roka
 33596 | Arena    | Entered the Arena
 33609 | Arena    | Killed Saint Roka
 33960 | Snake:4  | Found Atulup's Armour Emporium.
 34114 | Snake:4  | Reached XP level 18. HP: 132/178 MP: 24/24
 34119 | Snake:4  | Identified the +5 war axe of Bloody Death {heavy, Fragile
                  | +Blink MP+9 Dex-4} (Okawaru gifted it to you on level 4 of
                  | the Snake Pit)
 34119 | Snake:4  | Received a gift from Okawaru
 34359 | Snake:4  | Got a serpentine rune of Zot
 34665 | Orc:1    | Entered Level 1 of the Orcish Mines
 34833 | Orc:1    | Noticed Snorg
 34839 | Orc:1    | Killed Snorg
 34921 | Orc:2    | Entered Level 2 of the Orcish Mines
 35015 | Orc:2    | Noticed Rupert
 35017 | Orc:2    | Found a staircase to the Elven Halls.
 35023 | Orc:2    | Killed Rupert
 35168 | Orc:2    | Found Adeithos's Antique Weapon Boutique.
 35253 | Orc:2    | Found Hydgh's Magic Scroll Shoppe.
 35261 | Orc:2    | Bought a scroll of blinking for 105 gold pieces
 35387 | Orc:2    | Found Ylaleow's Antique Weapon Boutique.
 35469 | Orc:2    | Found Ythroymo's Antique Armour Emporium.
 35472 | Orc:2    | Found Tantax's Antique Weapon Shoppe.
 36016 | Depths:1 | Entered Level 1 of the Depths
 36069 | Depths:1 | Identified the +0 pair of gloves "Olitt" {Rampage rC+ rCorr
                  | Dex+2} (Okawaru gifted it to you on level 1 of the Depths)
 36069 | Depths:1 | Received a gift from Okawaru
 36313 | Depths:1 | Paralysed by a floating eye for 4 turns
 36382 | Depths:1 | Noticed a lich
 36382 | Depths:1 | Noticed a walking crystal tome
 36500 | Arena    | Entered the Arena
 36504 | Arena    | Killed a lich
 36532 | D:15     | Killed a walking crystal tome
 36539 | Depths:1 | Noticed a tentacled monstrosity
 36541 | Arena    | Entered the Arena
 36545 | Arena    | Killed a tentacled monstrosity
 36960 | Depths:1 | Noticed a tentacled monstrosity
 36971 | Depths:1 | Killed a tentacled monstrosity
 36975 | Depths:1 | Noticed a golden dragon
 36984 | Depths:1 | Noticed a tentacled monstrosity
 36998 | Depths:1 | Killed a golden dragon
 37004 | Depths:1 | Killed a tentacled monstrosity
 37073 | Depths:1 | Noticed a juggernaut
 37138 | Depths:1 | Received a gift from Okawaru
 37423 | Depths:1 | Killed a juggernaut
 37424 | Depths:1 | Reached XP level 19. HP: 147/189 MP: 25/25
 37439 | Depths:1 | Found a gateway to Hell.
 38170 | Depths:2 | Identified the +9 hand axe of Deinn {freeze, rElec Str+2}
                  | (Okawaru gifted it to you on level 2 of the Depths)
 38170 | Depths:2 | Received a gift from Okawaru
 38340 | Depths:2 | You fall into a shaft and drop 2 floors!
 38340 | Depths:4 | Entered Level 4 of the Depths
 38822 | Depths:3 | Noticed a golden dragon
 38828 | Depths:3 | Killed a golden dragon
 38828 | Depths:3 | Identified the +1 hat of Darkness {rN+ Will- Str+2 Int+3}
                  | (Okawaru gifted it to you on level 3 of the Depths)
 38828 | Depths:3 | Received a gift from Okawaru
 38859 | Depths:3 | Noticed a golden dragon
 38860 | Depths:3 | Noticed a golden dragon
 38863 | Arena    | Entered the Arena
 38869 | Arena    | Killed a golden dragon
 38889 | Depths:3 | Killed a golden dragon
 39015 | Depths:2 | Noticed Bai Suzhen
 39016 | Arena    | Entered the Arena
 39023 | Arena    | Killed Bai Suzhen
 39254 | Depths:2 | Identified the +0 kite shield "Inkyhe" {Rampage Will+}
 39254 | Depths:2 | Noticed Asterion
 39264 | Depths:2 | Killed Asterion
 39377 | Depths:2 | Found a one-way gate leading to the halls of Pandemonium.
 39431 | Depths:2 | Found a white marble altar of Elyvilon.
 39477 | Depths:2 | Reached XP level 20. HP: 198/200 MP: 27/27
 39484 | Depths:2 | Found a portal to a secret trove of treasure.
 39551 | Depths:2 | Found a transporter.
 39551 | Depths:2 | Found a transporter.
 39553 | Depths:2 | Found a corrupted altar of Lugonu.
 39692 | Depths:2 | Identified the ring of Jicast {rElec rN+ Int-4 Dex+5 SInv}
 39720 | Depths:2 | Identified the ring of Afatwipp {rElec rPois rF- Will+
                  | Int+6}
 39895 | Depths:3 | Identified the +6 war axe of Nyusmuc {vamp, rC- rN+ Will+}
 40414 | Depths:3 | Received a gift from Okawaru
 40622 | Depths:3 | Found a basalt altar of Yredelemnul.
 40624 | Depths:3 | Found an iron altar of Okawaru.
 40624 | Depths:3 | Found a glowing golden altar of the Shining One.
 40626 | Depths:3 | Found a bloodstained altar of Trog.
 40626 | Depths:3 | Found a shimmering altar of Xom.
 40626 | Depths:3 | Found a shimmering altar of Xom.
 40672 | Depths:3 | Found a one-way gate to the infinite horrors of the Abyss.
 41277 | Depths:4 | Found a one-way gateway to a ziggurat.
 41322 | Depths:4 | Received a gift from Okawaru
 41381 | Depths:4 | Received a gift from Okawaru
 42253 | Depths:4 | Found a gate to the Realm of Zot.
 42743 | Vaults:1 | Entered Level 1 of the Vaults
 44020 | Vaults:1 | Reached XP level 21. HP: 190/209 MP: 29/29
 44641 | Vaults:2 | Found a staircase to the Crypt.
 44765 | Vaults:2 | Received a gift from Okawaru
 46744 | Vaults:3 | Identified the +1 war axe of Reroosas {heavy, Will+}
                  | (Okawaru gifted it to you on level 3 of the Vaults)
 46744 | Vaults:3 | Received a gift from Okawaru
 46852 | Vaults:3 | You fall into a shaft and drop 1 floor!
 47570 | Vaults:4 | Identified the +8 dagger of Light {freeze, rF++}
 47614 | Vaults:4 | Reached XP level 22. HP: 221/221 MP: 31/31
 47709 | Vaults:4 | Received a gift from Okawaru
 47982 | Vaults:4 | Identified the amulet of Vuused {Acrobat rN+ Str+4}
 48354 | Vaults:5 | Entered Level 5 of the Vaults
 48361 | Vaults:4 | Received a gift from Okawaru
 48636 | Vaults:5 | Noticed a golden dragon
 48759 | Arena    | Entered the Arena
 48787 | Vaults:4 | Killed a golden dragon
 48835 | Vaults:5 | Identified the ring "Ywosaw" {rC+ Will+ Int+3 Slay+4}
 48844 | Arena    | Entered the Arena
 48881 | Vaults:4 | Identified the +2 broad axe of the Evil Eye {protect, Str+9
                  | Dex+4} (Okawaru gifted it to you on level 4 of the Vaults)
 48881 | Vaults:4 | Received a gift from Okawaru
 49101 | Arena    | Entered the Arena
 49274 | Arena    | Entered the Arena
 49308 | Vaults:5 | Noticed a golden dragon
 49323 | Vaults:5 | Killed a golden dragon
 49345 | Arena    | Entered the Arena
 49578 | Vaults:5 | Identified the staff of cold "Qate" {rElec rF- rC+ rN+}
 49581 | Vaults:5 | Identified the +8 dagger of Gozag, Bedazzling {flame,
                  | Stlth+}
 49594 | Vaults:5 | Got Ocveot's Exposition on Effluvium
 49826 | Vaults:5 | Noticed a dread lich
 49827 | Arena    | Entered the Arena
 49838 | Arena    | Paralysed by a dread lich for 2 turns
 49851 | Arena    | Killed a dread lich
 49921 | Vaults:5 | Noticed a golden dragon
 49944 | Vaults:5 | Killed a golden dragon
 49988 | Vaults:5 | Got a silver rune of Zot
 50137 | Vaults:5 | Identified the +4 scimitar of Mewayhut {pain, Fly rElec
                  | rCorr SInv}
 50137 | Vaults:5 | Identified the ring of Vuner {rElec Str+6}
 50207 | Vaults:5 | Received a gift from Okawaru
 50350 | Vaults:5 | Reached XP level 23. HP: 207/226 MP: 33/33
 50669 | Vaults:5 | Identified the +1 demon whip "Saqinagia" {speed, rCorr
                  | Stlth+}
 50676 | Vaults:5 | Identified the +7 plate armour "Kurrut" {Dex+5}
 50682 | Vaults:5 | Identified the ring of Suseiz {Will- rCorr Int+6 Dex+5
                  | Stlth+}
 50766 | Vaults:5 | Identified the staff of conjuration "Nuasogomn" {rElec
                  | Dex+3 Stlth+}
 50954 | Crypt:1  | Entered Level 1 of the Crypt
 51561 | Crypt:1  | Found a magical portal.
 51574 | Crypt:1  | Identified the +3 ring mail of the Sandy God {+Inv Will+
                  | Stlth+} (Okawaru gifted it to you on level 1 of the Crypt)
 51574 | Crypt:1  | Received a gift from Okawaru
 51591 | WizLab   | Entered Zonguldrok's Shrine
 51859 | WizLab   | Reached skill level 15 in Invocations
 51879 | WizLab   | Noticed an antique lich
 51886 | WizLab   | Killed an antique lich
 51937 | WizLab   | Identified the +3 double sword "Dawiup" {pain, rC+ Str+3}
 53069 | Arena    | Entered the Arena
 53707 | Crypt:3  | Entered Level 3 of the Crypt
 54046 | Crypt:3  | Found the +8 demon blade "Leech" {evervamp, Harm Drain rN+}
 54111 | Crypt:3  | Noticed a dread lich
 54114 | Crypt:3  | Noticed an ancient lich
 54147 | Crypt:3  | Noticed Khufu
 54147 | Crypt:3  | Noticed a royal mummy
 54161 | Arena    | Entered the Arena
 54174 | Arena    | Killed a royal mummy
 54206 | Crypt:3  | Killed Khufu
 54208 | Crypt:3  | Noticed a royal mummy
 54210 | Arena    | Entered the Arena
 54218 | Arena    | Killed a royal mummy
 54219 | Arena    | Reached skill level 27 in Axes
 54793 | Crypt:3  | Identified the ring "Gudeboma" {+Blink rElec Str+4 Int+6}
 54798 | Crypt:3  | Found a staircase to the Tomb.
 55050 | Crypt:3  | Killed a dread lich
 55053 | Crypt:3  | Killed an ancient lich
 55105 | Crypt:3  | Identified the +2 mace of Atipp {heavy, Will+ MP+9 Stlth-}
 55114 | Crypt:3  | Identified the +12 battleaxe "Beastslayer" {vamp, rF+
                  | Stlth+}
 55120 | Crypt:3  | Identified the staff of death "Pasacw" {rC+ rN+}
 55550 | Elf:1    | Entered Level 1 of the Elven Halls
 55567 | Elf:1    | Found a radiant altar of Vehumet.
 55571 | Elf:1    | Paralysed by an air elemental for 1 turns
 55870 | Elf:1    | Reached XP level 24. HP: 243/243 MP: 33/33
 55980 | Elf:1    | Found Xomnuit's Magic Scroll Boutique.
 55989 | Elf:1    | Bought a scroll of teleportation for 39 gold pieces
 55989 | Elf:1    | Bought a scroll of brand weapon for 123 gold pieces
 56019 | Elf:1    | Found Jaudi's Book Shop.
 56317 | Elf:1    | Found Vekkueg's Assorted Antiques.
 56655 | Elf:2    | Paralysed by an air elemental for 1 turns
 56803 | Elf:2    | Paralysed by an air elemental for 1 turns
 56805 | Elf:2    | Paralysed by an air elemental for 1 turns
 56848 | Elf:2    | Found a runed translucent gate.
 56849 | Elf:2    | Found a runed translucent gate.
 56849 | Elf:2    | Found a runed translucent gate.
 56893 | Elf:2    | Received a gift from Okawaru
 57171 | Elf:3    | Entered Level 3 of the Elven Halls
 57196 | Elf:3    | Paralysed by an air elemental for 1 turns
 57606 | Elf:3    | Identified the +7 sling "Woataha" {drain, Will- Str+3 Dex+7
                  | SInv}
 57657 | Elf:3    | Identified the amulet of Sesurroi {rF++ Regen+ Dex+4}
 57672 | Elf:3    | Got the Almanac of the Translocational Cemetery
 57673 | Elf:3    | Identified the +0 ring mail of the Fifty Blessings {*Slow
                  | +Inv Dex+3}
 57686 | Elf:3    | Identified the ring of False Pretenses {Will+ MP+9}
 57788 | Elf:3    | Identified the +9 falchion "Rililif" {speed, Will+}
 57805 | Elf:3    | Identified the staff of fire "Xiefrurer" {rF+ rN+ MP+9}
 57810 | Elf:3    | Identified the +9 mace of Uwkaar {spect, Str+2}
 57813 | Elf:3    | Identified the +7 rapier of Wariness {drain, rElec rPois}
 58071 | Elf:3    | Identified the +5 scale mail of Enormous Curiosity {Drain
                  | Will++ Str+3 Stlth+}
 58107 | Elf:3    | Paralysed by an air elemental for 1 turns
 58630 | Zot:1    | Entered Level 1 of the Realm of Zot
 58780 | Zot:1    | Noticed an orb of fire
 58798 | Zot:1    | Killed an orb of fire
 58809 | Zot:1    | Received a gift from Okawaru
 58998 | Zot:1    | Noticed Vv
 59016 | Zot:1    | Killed Vv
 59187 | Zot:1    | Identified the ring "Foahobb" {Ice *Slow rCorr Slay+6}
 59187 | Zot:1    | Noticed Josephina
 59190 | Arena    | Entered the Arena
 59198 | Arena    | Killed Josephina
 59471 | Zot:1    | Received a gift from Okawaru
 59725 | Zot:1    | Reached XP level 25. HP: 220/255 MP: 34/34
 60015 | Arena    | Entered the Arena
 60557 | Zot:2    | Reached skill level 27 in Fighting
 61163 | Zot:2    | Paralysed by a floating eye for 4 turns
 61195 | Zot:2    | Noticed a dread lich
 61197 | Arena    | Entered the Arena
 61203 | Arena    | Killed a dread lich
 61238 | Zot:2    | Paralysed by a floating eye for 4 turns
 61569 | Zot:2    | Identified the +7 double sword "Batif" {antimagic, Str+2
                  | Int+4}
 62148 | Zot:3    | Noticed an orb of fire
 62162 | Zot:3    | Killed an orb of fire
 62383 | Zot:3    | Found a transporter.
 62391 | Zot:3    | Found a transporter.
 62745 | Zot:3    | Identified the +10 gold dragon scales "Lusidy" {+Inv rPois
                  | rF+ rC+ Regen+ Dex+4} (Okawaru gifted it to you on level 3
                  | of the Realm of Zot)
 62745 | Zot:3    | Received a gift from Okawaru
 63129 | Zot:3    | Found a transporter.
 63259 | Zot:3    | Found a transporter.
 63548 | Zot:3    | Reached skill level 1 in Dodging
 64340 | Arena    | Entered the Arena
 64426 | Zot:4    | Noticed a Killer Klown
 64438 | Zot:4    | Killed a Killer Klown
 65037 | Zot:5    | Entered Level 5 of the Realm of Zot
 65179 | Zot:5    | Noticed a Killer Klown
 65182 | Zot:5    | Reached XP level 26. HP: 266/266 MP: 34/34
 65184 | Zot:5    | Noticed a dread lich
 65185 | Arena    | Entered the Arena
 65190 | Arena    | Killed a dread lich
 65215 | Zot:5    | Noticed an orb of fire
 65217 | Arena    | Entered the Arena
 65224 | Arena    | Killed an orb of fire
 65251 | Zot:5    | Reached skill level 27 in Armour
 65251 | Zot:5    | Reached skill level 5 in Dodging
 65251 | Zot:5    | Reached skill level 27 in Shields
 65253 | Zot:5    | Noticed an orb of fire
 65259 | Zot:5    | Noticed an ancient lich
 65261 | Arena    | Entered the Arena
 65266 | Arena    | Gained mutation: Your body sometimes deteriorates upon
                  | taking damage. [an orb of fire]
 65267 | Arena    | Killed an orb of fire
 65297 | Zot:5    | Killed an ancient lich
 65953 | Zot:5    | Reached skill level 10 in Dodging
 65987 | Zot:5    | Noticed an ancient lich
 65989 | Arena    | Entered the Arena
 65991 | Arena    | Killed an ancient lich
 66030 | Zot:5    | Noticed an ancient lich
 66031 | Arena    | Entered the Arena
 66035 | Arena    | Killed an ancient lich
 66211 | Zot:5    | Noticed an orb of fire
 66221 | Zot:5    | Gained mutation: You have large cloven feet. [an orb of
                  | fire]
 66225 | Zot:5    | Killed an orb of fire
 66236 | Zot:5    | Lost mutation: Your body sometimes deteriorates upon taking
                  | damage. [potion of mutation]
 66236 | Zot:5    | Lost mutation: You have large cloven feet. [potion of
                  | mutation]
 66236 | Zot:5    | Gained mutation: Your body sometimes deteriorates upon
                  | taking damage. [potion of mutation]
 66236 | Zot:5    | Gained mutation: Your mind is acute. (Int +4, Str/Dex -1)
                  | [potion of mutation]
 66236 | Zot:5    | Gained mutation: You are covered in fur. (AC +1) [potion of
                  | mutation]
 66237 | Zot:5    | Lost mutation: Your mind is acute. (Int +4, Str/Dex -1)
                  | [potion of mutation]
 66237 | Zot:5    | Lost mutation: You are covered in fur. (AC +1) [potion of
                  | mutation]
 66237 | Zot:5    | Lost mutation: Your body sometimes deteriorates upon taking
                  | damage. [potion of mutation]
 66237 | Zot:5    | Gained mutation: You are agile. (Dex +4, Str/Int -1)
                  | [potion of mutation]
 66237 | Zot:5    | Gained mutation: You are frail. (-10% HP) [potion of
                  | mutation]
 66238 | Zot:5    | Lost mutation: You are frail. (-10% HP) [potion of
                  | mutation]
 66238 | Zot:5    | Lost mutation: You are agile. (Dex +4, Str/Int -1) [potion
                  | of mutation]
 66238 | Zot:5    | Gained mutation: Armour fits poorly on your strangely
                  | shaped body. [potion of mutation]
 66238 | Zot:5    | Gained mutation: Your spells are a little harder to cast,
                  | but a little more powerful. [potion of mutation]
 66239 | Zot:5    | Lost mutation: Your spells are a little harder to cast, but
                  | a little more powerful. [potion of mutation]
 66239 | Zot:5    | Lost mutation: Armour fits poorly on your strangely shaped
                  | body. [potion of mutation]
 66239 | Zot:5    | Gained mutation: You are resistant to electric shocks.
                  | (rElec) [potion of mutation]
 66239 | Zot:5    | Gained mutation: You are vulnerable to heat. (rF-) [potion
                  | of mutation]
 66239 | Zot:5    | Gained mutation: You occasionally lose the ability to drink
                  | potions when taking damage. [potion of mutation]
 66239 | Zot:5    | Gained mutation: Your muscles are strong. (Str +4, Int/Dex
                  | -1) [potion of mutation]
 66240 | Zot:5    | Lost mutation: Your muscles are strong. (Str +4, Int/Dex
                  | -1) [potion of mutation]
 66240 | Zot:5    | Lost mutation: You occasionally lose the ability to drink
                  | potions when taking damage. [potion of mutation]
 66240 | Zot:5    | Lost mutation: You are resistant to electric shocks.
                  | (rElec) [potion of mutation]
 66240 | Zot:5    | Gained mutation: Your muscles are strong. (Str +4, Int/Dex
                  | -1) [potion of mutation]
 66240 | Zot:5    | Gained mutation: You are partially covered in iridescent
                  | scales. (AC +2) [potion of mutation]
 66241 | Zot:5    | Lost mutation: You are vulnerable to heat. (rF-) [potion of
                  | mutation]
 66241 | Zot:5    | Lost mutation: Your muscles are strong. (Str +4, Int/Dex
                  | -1) [potion of mutation]
 66241 | Zot:5    | Lost mutation: You are partially covered in iridescent
                  | scales. (AC +2) [potion of mutation]
 66241 | Zot:5    | Gained mutation: Your system is resistant to poisons.
                  | (rPois) [potion of mutation]
 66241 | Zot:5    | Gained mutation: You have a pair of large horns on your
                  | head. [potion of mutation]
 66361 | Zot:5    | Got the Orb of Zot
 66430 | Zot:5    | Noticed Lydax the pandemonium lord
 66623 | Zot:1    | Noticed Dudivu the pandemonium lord
 66638 | Depths:4 | Killed Dudivu the pandemonium lord
 66694 | Depths:4 | Noticed Eryop the pandemonium lord
 67067 | D:$      | Escaped with the Orb!

Illustrated notes

Levels and vault maps discovered:
D:1:      ldierk_walled_garden, layout_basic
D:2:      layout_loops_cross, serial_shops, shop_fountains, skrybe_limestone_x,
          st_stairs_10
D:3:      minmay_general_purpose_star, layout_rooms, minmay_cupped
D:4:      layout_loops_ring, amcnicky_altar_gilded, uniq_crazy_yiuf_cottage
D:5:      kennysheep_six_static_rooms, layout_basic,
          mainiacjoe_overflow_cross_hatched, lemuel_doored_altar,
          nrook_campfire, uniq_edmund
D:6:      layout_gridville, mainiacjoe_overflow_boulevard,
          minmay_temple_entry_slanted, serial_shops, nicolae_shop_behind_doors
D:7:      layout_loops_ring, lemuel_round_altar, eino_tiny_chamber,
          feat_on_display, uniq_pikel, uniq_maggie
D:8:      layout_loops_ring, general_overflow_altar, ashenzari_altar_1,
          mainiacjoe_overflow_paths, lair_entry_dummy
D:9:      minmay_ornate_pinched, layout_basic, grunt_decor_arrowhead,
          uniq_joseph, uniq_erica, uniq_amaemon
D:10:     layout_roguey, amethyst_overflow_temple_binary,
          minmay_fractal_squares_diagonal_5
D:11:     layout_irregular_city
D:12:     layout_layer_cave, orc_david_3, serial_ice, serial_ice_o,
          serial_ice_n, serial_ice_k, serial_ice_c,
          portal_ice_cave_entry_pillars_2
D:13:     layout_basic, lightli_vaults_fourway_checkpoint,
          gauntlet_entry_generic, kennysheep_just_a_vault, uniq_azrael
D:14:     layout_rooms, reono_crystal_passage, hangedman_fish_farm
D:15:     hangedman_depths_entry_try_elsewhere_first, layout_basic,
          hangedman_abyss_or_decor_slice, interstate_on_off
Temple:   nicolae_temple_no_exploring_needed
Lair:1:   layout_layer_cave, serial_bayou_shore_a, uniq_harold, uniq_nergalle,
          uniq_sonja
Lair:2:   layout_loops_ring, gammafunk_ghost_grave, grunt_megastairs_2,
          lemuel_fruit_fields
Lair:3:   layout_regular_city, palyth_hydra_swamp_entry,
          nicolae_snake_entry_warm_welcome, wad_woods_river_01,
          infiniplex_staircase_pool, uniq_urug
Lair:4:   layout_cave_pods, minmay_slime_entry_eyes
Lair:5:   minmay_lair_end_enchanted_forest, layout_hall_layers,
          serial_bayou_pond_d, serial_bayou_shore_b
Swamp:1:  layout_falls_marsh, nicolae_swamp_little_swirl
Swamp:2:  layout_falls_marsh, nicolae_swamp_godswood, swamp_pool3
Swamp:3:  layout_basic_swamp, nicolae_swamp_trees_clearing,
          infiniplex_staircase_pool_2
Swamp:4:  swamp, layout_basic_swamp, swamp_pool3
Snake:1:  nicolae_snakescales, layout_grid_shapes, special_room,
          ebering_ghost_rock_garden, serial_bayou_pond_e, uniq_frances,
          uniq_agnes
Snake:2:  layout_grid_shapes, drop_trap, minmay_shop_grove, uniq_vashnia
Snake:3:  layout_chambers, nicolae_snake_gridmaze_waves, grunt_megastairs_5
Snake:4:  johnstein_snake_rune_scales, layout_cave_town, minmay_shop_star,
          nicolae_triple_integral, uniq_saint_roka
Slime:1:  layout_caves
Orc:1:    layout_diamond_mine, uniq_snorg
Orc:2:    grunt_orc_community_town_hall, layout_caves,
          grunt_orc_community_big_house_1, grunt_orc_community_big_house_1,
          grunt_orc_community_house_1, grunt_orc_community_house_2,
          grunt_orc_community_house_2, grunt_orc_community_house_2,
          grunt_orc_community_house_2, serial_shops, shop, uniq_rupert
Elf:1:    eino_elf_arrival_altar, layout_onion_city, serial_shops, shop,
          nicolae_book_shop_shelving, shop, kennysheep_underground_church
Elf:2:    nicolae_elf_blades_crystal_corner, layout_rooms,
          minmay_strange_pillars
Elf:3:    minmay_elf_hall_hex, layout_geoelf_octagon
Vaults:1: ontoclasm_vaults_ring_square, nicolae_vaults_closet_pinwheel_4,
          nicolae_vaults_windows_and_doors_thing,
          nicolae_vaults_heart-shaped_vault, v_misc_28,
          nicolae_vaults_wine_cellar, nicolae_vaults_double_plus_1,
          vaults_room_door_hall, nicolae_vaults_trapezoid_2,
          nicolae_vaults_cochlea, vaults_room_pools, layout_vaults_chaotic_city
Vaults:2: hangedman_vaults_snaps, v_misc_9, st_quartered_hall, vaults_room_grid,
          nicolae_vaults_cochlea, nicolae_vaults_network_periphery,
          ontoclasm_vaults_gateway, blue_anna_dwarven_crypt,
          nicolae_vaults_mini_display_case, v_misc_28,
          nicolae_vaults_closet_pinwheel_4, layout_vaults_omnicross
Vaults:3: nicolae_vaults_closet_pinwheel_5, vaults_room_octagon,
          hangedman_vaults_trim, nicolae_vaults_little_squares_3, v_misc_5,
          nicolae_vaults_alarming, v_pattern_5, nicolae_vaults_surprise_closet,
          layout_vaults_omnigrid
Vaults:4: nicolae_vaults_back_hallway, nicolae_vaults_lightning_bolt,
          nicolae_vaults_surprise_closet_hard, nicolae_vaults_little_squares_1,
          hangedman_vaults_capsules, nicolae_vaults_ninety_degrees, v_pattern_3,
          v_misc_24, nicolae_vaults_house_3,
          hangedman_vaults_stretched_pinwheel, nicolae_vaults_apartment_2,
          nicolae_vaults_door_testing_chamber, vaults_room_corners,
          hangedman_vaults_cutoff, layout_vaults_ring
Vaults:5
Crypt:1:  layout_chaotic_city, infiniplex_enter_wizlab_water, st_burial_chamber,
          grunt_crypt_arrival_guarded_gate
Crypt:2:  layout_misc_corridors
Crypt:3:  david_glass_crypt, layout_gridlike, tomb_entry_simple_bobbens,
          minivault_19, uniq_khufu
Depths:1: minmay_central_circle, layout_gridlike, nrook_mini_vaults,
          grunt_mini_vestibule, kennysheep_path_1, kennysheep_small_square
Depths:2: gammafunk_corrupted_shrine, layout_cave_shapes,
          rand_demon_pan_entry_5, elyvilon_altar_1, hell_entry, enter_trove_5,
          infiniplex_staircase_hallway_doors, uniq_asterion, uniq_bai_suzhen
Depths:3: minmay_ambush_box, layout_gridlike, hangedman_geh_valley,
          doesnt_xom_only_xom, minmay_room_of_horrors, minmay_staircase_bubble
Depths:4: evilmike_zot_entry_round, layout_gridlike, enter_ziggurat_f,
          grunt_decor_cap, grunt_hell_entry_dis_old, serial_bayou_shore_b
Zot:1:    layout_concentric_octagons, grunt_megastairs_3, uniq_vv,
          uniq_josephina
Zot:2:    hellmonk_paralyzer, layout_misc_corridors, nicolae_rock_paper_scissors
Zot:3:    layout_gridlike, nicolae_transporter_intersection, lemuel_elevator,
          grunt_megastairs_4
Zot:4:    layout_gridville
Zot:5:    layout_misc_corridors, grunt_ministairs_10

Skill      XL: |  1  2  3  4  5  6  7  8  9 10 11 12 13 14 15 16 17 18 19 20 21 22 23 24 25 26 |
---------------+-------------------------------------------------------------------------------+-----
Fighting       | 4 5 6 8 9 11 12 13 14 15 16 17 18 20 21 22 23 24 25 26 27 | 27.0
Axes           | 8 12 16 17 18 19 20 21 22 23 24 25 26 27 | 27.0
Armour         | 6 8 10 12 13 15 16 18 19 20 21 22 23 24 26 27 | 27.0
Shields        | 6 8 10 12 13 15 16 18 19 20 21 22 23 24 26 27 | 27.0
Invocations    | 3 6 8 9 10 11 12 14 15 16 | 16.0
Dodging        | 4 13 | 13.9

Action                     |  1- 3 |  4- 6 |  7- 9 | 10-12 | 13-15 | 16-18 | 19-21 | 22-24 | 25-27 || total
---------------------------+-------+-------+-------+-------+-------+-------+-------+-------+-------++-------
  Melee: War axe           |    81 |   162 |   181 |   184 |       |       |       |       |       ||   608
         Headbutt          |     2 |    23 |    41 |    84 |   191 |   313 |   366 |   467 |   260 ||  1747
         Broad axe         |       |       |       |   224 |   739 |  1111 |  1183 |  1420 |   733 ||  5410
         Scimitar          |       |       |       |    10 |    30 |    83 |       |       |       ||   123
  Throw: Boomerang         |       |       |       |     1 |       |    44 |       |       |     2 ||    47
 Invoke: Heroism           |       |       |     1 |     4 |     4 |     8 |     6 |     2 |       ||    25
         Finesse           |       |       |       |       |     2 |     5 |     1 |     5 |     1 ||    14
         Duel              |       |       |       |       |     1 |     4 |     2 |    10 |     8 ||    25
Ability: Evoke Blink       |       |       |       |       |       |       |       |       |     3 ||     3
    Use: Potion            |       |     1 |       |     2 |     3 |     6 |       |     6 |    11 ||    29
         Scroll            |       |       |    12 |     6 |    16 |     7 |     2 |     7 |     7 ||    57
   Stab: Confused          |       |       |       |       |       |       |     2 |       |       ||     2
         Distracted        |       |       |       |       |       |       |       |     2 |       ||     2
 Armour: Scale mail        |    54 |    52 |       |       |       |       |       |       |       ||   106
         Chain mail        |       |    41 |    46 |       |       |       |       |       |       ||    87
         Plate armour      |       |       |    46 |   165 |   264 |   282 |   183 |    78 |       ||  1018
         Gold dragon scale |       |       |       |       |       |       |       |    87 |   152 ||   239
  Dodge: Dodged            |    53 |    82 |    71 |    79 |   158 |   229 |   158 |   149 |    80 ||  1059
  Block: Buckler           |    21 |    43 |    50 |   162 |   156 |       |       |       |       ||   432
         Reflection        |       |       |       |     6 |    35 |   144 |    64 |   104 |    18 ||   371
         Kite shield       |       |       |       |       |   280 |   218 |       |       |       ||   498
         Tower shield      |       |       |       |       |       |   994 |   965 |  1041 |   635 ||  3635
